 Dungeon Crawl Stone Soup version 0.17-a0-2093-gc772f4b (webtiles) character file.

69 ololoev the Firebug (level 4, 30/30 HPs)
             Began as a Demonspawn Fire Elementalist on Oct 16, 2015.
             Quit the game on level 2 of the Dungeon.
             The game lasted 00:03:12 (1669 turns).

ololoev the Firebug (Demonspawn Fire Elementalist)  Turns: 1669, Time: 00:03:12

Health: 30/30      AC:  2    Str:  8    XL:     4   Next: 2%
Magic:  4/8        EV: 12    Int: 17    God:
Gold:   112        SH:  0    Dex: 16    Spells: 2 memorised, 4 levels left

rFire  . . .     SeeInvis .     o - +0 dagger
rCold  . . .     Clarity  .     a - +0 robe
rNeg   . . .     SustAt   .     (no shield)
rPois  .         Gourm    .     (no helmet)
rElec  .         Spirit   .     (no cloak)
rCorr  .         Warding  .     (no gloves)
rMut   .         Stasis   .     (no boots)
MR     .....                    (no amulet)
Stlth  ++........               (no ring)
                                (no ring)

@: not resistant to hostile enchantments, unstealthy
A: talons 1, agile 1, powered by death 1
a: no special abilities


Innate Abilities, Weirdness & Mutations

You have sharp toenails.
You regenerate a little health from kills.
You are agile. (Dex +2)

Inventory:

Hand Weapons
 o - a +0 dagger (weapon)
Armour
 a - a +0 robe (worn)
Scrolls
 d - a scroll of remove curse {unknown}
 e - 2 scrolls of magic mapping {unknown}
 k - a scroll of identify {unknown}
 l - a scroll of noise {unknown}
 n - a scroll of blinking {unknown}
 p - a scroll of amnesia {unknown}
Potions
 f - a potion of curing {unknown}
 g - a potion of flight
 m - a potion of might
Books
 b - a book of Flames

   Spells                             Type                      Level
   a - Flame Tongue                   Conjuration/Fire             1
   b - Throw Flame                    Conjuration/Fire             2
   c - Conjure Flame                  Conjuration/Fire             3
   d - Inner Flame                    Hexes/Fire                   3
   e - Sticky Flame                   Conjuration/Fire             4
   f - Fireball                       Conjuration/Fire             5
Comestibles
 c - 2 bread rations
 h - a chunk of flesh
 i - a slice of pizza


   Skills:
 - Level 1.7 Dodging
 - Level 1.7 Stealth
 + Level 2.7 Spellcasting
 * Level 2.8 Conjurations
 + Level 3.1 Fire Magic


You had 4 spell levels left.
You knew the following spells:

 Your Spells              Type           Power        Failure   Level  Hunger
a - Flame Tongue          Conj/Fire      ##...        6%          1    #......
b - Conjure Flame         Conj/Fire      ##......     17%         3    ###....


You were on level 2 of the Dungeon.
You were not hungry.

You visited 1 branch of the dungeon, and saw 2 of its levels.

You collected 112 gold pieces.

...# #.# #.# ##.######.#
#### #.# #.####.........#
#.# #......)##.....# #.#
#####.####.##### #### #.#
#.# #.# ...# #.# #.# #.#
##.########.#### ##.## #.#
#.##..........#####...###.#
#.##..........)@....#.....#
##.##.###...##.#..##<..#####
.............#.#..###.##
............##.#..###.#
#####.####............# #.#
#........##### #)#
#####.#.## #.########.#.# #
#.........(..#

Notes
Turn   | Place    | Note
--------------------------------------------------------------
     0 | D:1      | ololoev the Demonspawn Fire Elementalist began the quest for the Orb.
     0 | D:1      | Reached XP level 1. HP: 13/13 MP: 3/3
    59 | D:1      | Gained mutation: You regenerate a little health from kills. [demonic ancestry]
    59 | D:1      | Reached XP level 2. HP: 19/19 MP: 1/5
   957 | D:2      | Reached XP level 3. HP: 24/24 MP: 1/6
  1099 | D:2      | Learned a level 3 spell: Conjure Flame
  1323 | D:2      | Reached skill level 3 in Fire Magic
  1337 | D:2      | Gained mutation: You are agile. (Dex +2) [potion of beneficial mutation]
  1668 | D:2      | Gained mutation: You have sharp toenails. [demonic ancestry]
  1668 | D:2      | Reached XP level 4. HP: 30/30 MP: 4/8
  1669 | D:2      | Quit the game

Dungeon Overview and Level Annotations

Branches:
Dungeon (2/15)

Altars:


Message History

You continue eating. x2
You feel less regenerative.
Found an escape hatch in the ceiling.
There is an escape hatch in the ceiling here.
There is a stone staircase leading down here.
You see here 15 stones.
There is a stone staircase leading up here.
Key pressed, stopping explore.
Done exploring.
Done exploring.
Done exploring.
Done exploring.
(D) Dungeon
Where to? (Enter - D:2, ? - help)
An orc comes into view. It is wielding a morningstar.
Casting: Flame Tongue
Confirm with . or Enter, or press ? or * to list all spells.
Aiming: Flame Tongue
Press: ? - help, Shift-Dir - straight line, f - orc
Aim: an orc, wielding a morningstar (hasn't noticed you)
The flame tongue hits the orc.
The orc is heavily wounded.
The orc shouts!
Casting: Flame Tongue
Confirm with . or Enter, or press ? or * to list all spells.
Aiming: Flame Tongue
Press: ? - help, Shift-Dir - straight line, f/p - orc
Aim: an orc, wielding a morningstar (heavily wounded)
The flame tongue misses the orc.
Casting: Flame Tongue
Confirm with . or Enter, or press ? or * to list all spells.
Aiming: Flame Tongue
Press: ? - help, Shift-Dir - straight line, f/p - orc
Aim: an orc, wielding a morningstar (heavily wounded)
The flame tongue hits the orc.
You kill the orc!
You have reached level 4!
You feel agile.
Your demonic ancestry asserts itself...
Your toenails lengthen and sharpen.
Are you sure you want to abandon this character and quit the game? (Confirm with "yes".)

There were no monsters in sight!

Vanquished Creatures
  3 adders (D:2)
  A gnoll (D:1)
  An ooze (D:1)
  A worm (D:2)
  A giant gecko (D:1)
  An orc (D:2)
  8 goblins
  3 hobgoblins
  3 bats (D:1)
  A giant cockroach (D:2)
  2 giant newts (D:1)
  A kobold (D:1)
  4 rats
30 creatures vanquished.

Action                   |  1- 3 |  4- 6 || total
-------------------------+-------+-------++-------
Melee: Unarmed           |    36 |       ||    36
       Dagger            |    33 |       ||    33
 Cast: Flame Tongue      |    48 |     1 ||    49
  Use: Potion            |     4 |       ||     4
 Stab: Sleeping          |     2 |       ||     2
  Eat: Chunk             |     3 |       ||     3

Vault maps used:
D:1:      roderic_crop_circles_arrival_small
D:2:      first_bread
